 Dungeon Crawl Stone Soup version 0.26-a0-1129-gc5df7fbe6a (webtiles) character file.

Game seed: 8412447150464611374

594 Flubber the Spear-Bearer (level 7, -4/55 HPs)
             Began as a Merfolk Gladiator on Dec 18, 2020.
             Killed from afar by Dowan (16 damage)
             ... with a stone arrow
             ... on level 4 of the Dungeon.
             The game lasted 00:07:52 (4237 turns).

Flubber the Spear-Bearer (Merfolk Gladiator)        Turns: 4237, Time: 00:07:54

Health: -4/55      AC:  5    Str: 16    XL:     7   Next: 39%
Magic:  7/7        EV: 16    Int:  7    God:
Gold:   157        SH:  0    Dex: 16    Spells: 6/6 levels left

rFire    . . .     SeeInvis .   f - +3 spear (freeze)
rCold    . . .     Faith    .   (no shield)
rNeg     . . .     Spirit   .   b - +0 leather armour
rPois    .         Reflect  .   c - +0 helmet
rElec    .         Harm     .   (no cloak)
rCorr    .         Rampage  .   (no gloves)
Will     .....                  o - +0 pair of boots
Stlth    +.........             (no amulet)
HPRegen  0.18/turn              (no ring)
MPRegen  0.10/turn              (no ring)

@: no status effects
A: change form in water, swift swim, stealthy swim
a: no special abilities


You were on level 4 of the Dungeon.
You visited 1 branch of the dungeon, and saw 4 of its levels.

You collected 157 gold pieces.

Inventory:

Hand Weapons
 a - a +0 trident
 f - a +3 spear of freezing (weapon)
 p - a +0 halberd
Missiles
 d - 4 throwing nets
 u - 2 boomerangs (quivered)
 w - 5 curare-tipped darts
Armour
 b - a +0 leather armour (worn)
 c - a +0 helmet (worn)
 o - a +0 pair of boots (worn)
Jewellery
 l - an uncursed amulet of reflection {unknown}
 m - an uncursed ring of positive energy {unknown}
Scrolls
 e - 7 scrolls of identify
 g - a scroll of blinking
 i - 5 scrolls of amnesia {unknown}
 j - 3 scrolls of fear {unknown}
 k - 4 scrolls of magic mapping {unknown}
 n - a scroll of remove curse {unknown}
 q - 3 scrolls of teleportation {unknown}
 r - a scroll of enchant armour {unknown}
 s - a scroll of fog {unknown}
 t - a scroll of immolation {unknown}
Potions
 h - a potion of flight
 v - 2 potions of curing
 z - 2 potions of lignification {unknown}


   Skills:
 + Level 4.5 Fighting
 * Level 9.1 Polearms
 - Level 2.0 Throwing
 + Level 6.4 Dodging


You had 6 spell levels left.
You didn't know any spells.
Your spell library was empty.

Dungeon Overview and Level Annotations

Branches:
Dungeon (4/15)
 Temple: D:4-7

Altars:
Ashenzari
Hepliaklqana
Ru
Xom
Yredelemnul

Shops:
D:4 !

Annotations:
D:4 1 runed translucent door, Crazy Yiuf, Dowan


Message History

Duvessa closely misses you.
You hit Duvessa but do no damage.
Duvessa is severely wounded.
Duvessa says, "Beauty is only skin deep, and my weapons penetrate much further than that."
Duvessa hits you with a +0 short sword!
* * * LOW HITPOINT WARNING * * *
You hit Duvessa. You freeze Duvessa.
Duvessa is almost dead.
You hit Duvessa. You freeze Duvessa.
Duvessa is almost dead.
You hit Duvessa but do no damage.
Duvessa is almost dead.
Duvessa completely misses you.
You hit Duvessa. You freeze Duvessa.
You kill Duvessa!
Something screams, "No!
No!
NO!"
You hear some strange, mumbled words.
A stone arrow appears from out of thin air!
The stone arrow hits you!
You die...

.# ##### #.#.....)..#........#.
.# #.#........#........#.
.###########.#........#........#.
..........#..#........#........#.
######...###.#........#........#.
##..####'###.##'##....##'####'##.
.................#.........#..#..
.................#.........#..#..
................@'.{.......#..#..
##..##..######..)#.........#..#..
.#####..##########.........#..#..
.# #...#.<..# #....#########.. .#
#...'....# #....# #.. .#
#...#....# #....# #.. .#
########## #....# #.. ## ######
###


There were no monsters in sight!

Vanquished Creatures
  Grinder (D:4)
  Duvessa (D:4)
  A phantom (D:4)
  A scorpion (D:4)
  A hound (D:4)
  An orc wizard (D:3)
  A hound zombie (D:4)
  6 gnolls (D:3)
  3 adders
  3 worms
  2 dart slugs
  4 leopard geckos
  7 orcs
  6 giant cockroaches
  7 goblins
  7 hobgoblins
  3 jackals (D:3)
  2 quokkas (D:3)
  3 ball pythons
  5 bats
  5 frilled lizards
  8 kobolds
  6 rats
84 creatures vanquished.

Notes
Turn   | Place    | Note
-------+----------+-------------------------------------------
     0 | D:1      | Flubber the Merfolk Gladiator began the quest for the Orb.
     0 | D:1      | Reached XP level 1. HP: 16/16 MP: 1/1
   123 | D:1      | Reached skill level 5 in Polearms
   123 | D:1      | Reached XP level 2. HP: 22/22 MP: 2/2
   579 | D:1      | Reached XP level 3. HP: 25/28 MP: 3/3
  1147 | D:2      | Found a faded altar of an unknown god.
  1306 | D:2      | Found a broken altar of Ashenzari.
  1368 | D:2      | Found a hazy altar of Hepliaklqana.
  1371 | D:2      | Found a sacrificial altar of Ru.
  1374 | D:2      | Found a shimmering altar of Xom.
  1702 | D:2      | Reached skill level 6 in Polearms
  1893 | D:2      | Reached XP level 4. HP: 34/34 MP: 4/4
  2246 | D:3      | Reached skill level 5 in Dodging
  2246 | D:3      | Reached XP level 5. HP: 16/41 MP: 5/5
  2613 | D:3      | Reached skill level 7 in Polearms
  3121 | D:4      | Reached XP level 6. HP: 39/48 MP: 6/6
  3295 | D:4      | Found a basalt altar of Yredelemnul.
  3337 | D:4      | Noticed Grinder
  3359 | D:4      | Killed Grinder
  3360 | D:4      | Reached skill level 8 in Polearms
  3360 | D:4      | Reached XP level 7. HP: 13/54 MP: 7/7
  3892 | D:4      | Reached skill level 9 in Polearms
  4036 | D:4      | Found Cungiynk's Distillery.
  4106 | D:4      | Found a runed translucent door.
  4107 | D:4      | Noticed Crazy Yiuf
  4203 | D:4      | Noticed Duvessa
  4203 | D:4      | Noticed Dowan
  4237 | D:4      | Killed Duvessa
  4237 | D:4      | Killed from afar by Dowan

Illustrated notes

Levels and vault maps discovered:
D:1:      lightli_arrival_chessboard, layout_basic, minivault_19,
          roderic_roman_lattice, serial_bayou_pond_a
D:2:      layout_loops_corners, nicolae_ashenzari_panopticon,
          grunt_temple_overflow_diamond, chequers_ecumenical_altar_simple_redux
D:3:      lemuel_upstairs_altar, layout_rooms, minivault_11
D:4:      layout_gridville, lemuel_coloured_pillars_altar, serial_shops,
          nicolae_shop_stone, uniq_duvessa, uniq_crazy_yiuf_cottage,
          uniq_grinder

Skill      XL: |  1  2  3  4  5  6  7 |
---------------+----------------------+-----
Polearms       | 5 6 7 8 9 |  9.1
Fighting       | 3 4 |  4.5
Dodging        | 5 6 |  6.4
Throwing       | |  2.0

Action                   |  1- 3 |  4- 6 |  7- 9 || total
-------------------------+-------+-------+-------++-------
Melee: Trident           |    36 |       |       ||    36
       Spear             |    65 |   137 |    46 ||   248
Throw: Boomerang         |       |     4 |    10 ||    14
  Use: Potion            |       |     8 |       ||     8
       Scroll            |       |     4 |       ||     4
 Stab: Sleeping          |     3 |       |     2 ||     5
Armor: Leather armour    |    16 |    25 |     2 ||    43
Dodge: Dodged            |    57 |    75 |    15 ||   147

Table legend: (Time is in decaauts)
 A = Elapsed time spent in this place.
 B = Non-inter-level travel time spent in this place.
 C = Inter-level travel time spent in this place.
 D = Time resting spent in this place.
 E = Time spent auto-exploring this place.
 F = Levels seen in this place.
 G = Mean time per level.
                   A        B        C        D        E       F      G
               +--------+--------+--------+--------+--------+-----+--------+
         Total |   4191 |   4084 |    107 |    880 |   2646 |   4 | 1047.8 |
       Dungeon |   4191 |   4084 |    107 |    880 |   2646 |   4 | 1047.8 |
               +--------+--------+--------+--------+--------+-----+--------+

Top non-repeatable levels by time:
     D:4: 1128 daAuts
     D:1: 1060 daAuts
     D:3: 1040 daAuts
     D:2: 962 daAuts
